 Dungeon Crawl Stone Soup version 0.30.1-9-gdf580d7c3d (webtiles) character file.

Game seed: 18414600619186675033

91 pkoi the Ruffian (level 4, -2/38 HPs)
             Began as a Draconian Monk on Oct 24, 2023.
             Was a Believer of Elyvilon.
             Slain by a gnoll
             ... wielding a +0 flail
             ... led by a gnoll sergeant
              (6 damage)
             ... on level 3 of the Dungeon.
             The game lasted 00:03:24 (2066 turns).

pkoi the Ruffian (Draconian Monk)                   Turns: 2066, Time: 00:03:24

Health: -2/38      AC:  5    Str: 14    XL:     4   Next: 33%
Magic:  4/4        EV: 17    Int: 12    God:    Elyvilon [**....]
Gold:   152        SH:  0    Dex: 13    Spells: 3/3 levels left

rFire   . .          .
                       - Unarmed
rCold   + . .        b - orb {light}
rNeg    . . .        (body armour unavailable)
rPois   .            (helmet restricted)
rElec   .            (no cloak)
rCorr   .            (no gloves)
SInv    .            (no boots)
Will    .....        (no amulet)
Stlth   +            f - ring of protection from cold
HPRegen 0.26/turn    k - +5 ring of evasion
MPRegen 0.09/turn

%: no passive effects
@: hasted, glowing, studying Conjurations, very quick
A: AC +5, unfitting armour, cold-blooded
a: Renounce Religion, Purification, Heal Other


You were on level 3 of the Dungeon.
You worshipped Elyvilon.
Elyvilon was pleased with you.
You visited 1 branch of the dungeon, and saw 3 of its levels.

You collected 152 gold pieces.

Inventory:

Missiles
 d - 2 throwing nets (quivered)
 h - 8 poisoned darts
Armour
 b - an orb of light (worn)
Jewellery
 f - a ring of protection from cold (left hand)
 k - a +5 ring of evasion (right hand)
Wands
 l - a wand of light (12)
Scrolls
 g - a scroll of enchant armour
 i - 2 scrolls of amnesia
 j - a scroll of noise {unknown}
Potions
 a - a potion of ambrosia
 e - a potion of invisibility


   Skills:
 + Level 3.5 Fighting
 + Level 2.8 Dodging
 + Level 4.8 Unarmed Combat
 + Level 0.9 Invocations


You had 3 spell levels left.
You didn't know any spells.
Your spell library contained the following spells:

 Spells                   Type           Power      Damage    Failure   Level
 Lesser Beckoning         Tloc           0%         N/A       45%         2
 Gell's Gravitas          Tloc           0%         N/A       69%         3
 Teleport Other           Tloc           0%         N/A       69%         3
 Simulacrum               Ice/Necr       0%         N/A       100%        6
 Ozocubu's Refrigeration  Ice            0%         4d7       100%        7
 Polar Vortex             Ice            0%         N/A       100%        9


Dungeon Overview and Level Annotations

Branches:
Dungeon (3/15)

Altars:
Elyvilon

Shops:
D:1 [   D:2 [


Innate Abilities, Weirdness & Mutations

Your plain brown scales are hard. (AC +5)
You cannot fit into any form of body armour.
You are cold-blooded and may be slowed by cold attacks.


Message History

You hit the gnoll.
The gnoll is lightly wounded.
You hear a shout!
The gnoll misses you.
You hit the gnoll. You tail-slap the gnoll.
The gnoll is moderately wounded.
The gnoll misses you.
The gnoll sergeant hits you from afar with a +0 trident.
You punch the gnoll!
The gnoll is almost dead.
You hit the gnoll but do no damage.
The gnoll is almost dead.
The gnoll sergeant closely misses you. The gnoll closely misses you.
You punch the gnoll!
You kill the gnoll!
A gnoll comes into view. It is wielding a +0 spear.
The gnoll sergeant hits you from afar with a +0 trident!
The gnoll sergeant misses you.
Things that are here:
a +0 halberd; 6 stones; a gnoll corpse You hit the gnoll sergeant.
The gnoll sergeant is lightly wounded.
The gnoll hits you with a +0 flail! The gnoll sergeant closely misses you.
You punch the gnoll sergeant!
Your tail-slap misses the gnoll sergeant.
The gnoll sergeant is moderately wounded.
The gnoll sergeant hits you with a +0 trident.
The gnoll hits you with a +0 flail!
* * * LOW HITPOINT WARNING * * *
You are too injured to fight recklessly!
You are too injured to fight recklessly!
You are too injured to fight recklessly!
You are too injured to fight recklessly!
You are too injured to fight recklessly!
You are too injured to fight recklessly!
Unknown command.
The gnoll sergeant hits you from afar with a +0 trident.
* * * LOW HITPOINT WARNING * * *
You feel yourself speed up. The gnoll hits you with a +0 flail.
You die...

## .. #. .# #.
.. #. ##. #. g.
#.#.# #.gg# #g#
#@# #.# #.# #.#
####### #.#
##.....######.#
#..###........#
##.###.....##..#
#..###.....#####


You could see a gnoll sergeant and 3 gnolls.

Vanquished Creatures
  A gnoll (D:3)
  3 adders (D:2)
  A dart slug (D:1)
  2 orcs (D:3)
  4 endoplasms
  A giant cockroach (D:1)
  3 goblins
  7 hobgoblins
  A quokka (D:2)
  5 ball pythons
  5 bats
  12 frilled lizards
  4 kobolds (D:1)
  7 rats
56 creatures vanquished.

Notes
Turn   | Place    | Note
-------+----------+-------------------------------------------
     0 | D:1      | pkoi the Draconian Monk began the quest for the Orb.
     0 | D:1      | Reached XP level 1. HP: 19/19 MP: 1/1
    32 | D:1      | Found Teps's Armour Boutique.
    59 | D:1      | Reached XP level 2. HP: 26/26 MP: 2/2
   537 | D:1      | Reached skill level 4 in Unarmed Combat
   881 | D:1      | Reached XP level 3. HP: 28/31 MP: 3/3
  1131 | D:2      | Found Kushriase's Armour Emporium.
  1282 | D:2      | Found a white marble altar of Elyvilon.
  1313 | D:2      | Became a worshipper of Elyvilon the Healer
  1313 | D:2      | Reached * piety under Elyvilon
  1313 | D:2      | Reached ** piety under Elyvilon
  1768 | D:3      | Reached XP level 4. HP: 38/38 MP: 4/4
  1864 | D:3      | Noticed a gnoll sergeant
  2066 | D:3      | Slain by a gnoll

Illustrated notes

Levels and vault maps discovered:
D:1:      grunt_arrival_lava_bath, layout_loops_cross, serial_shops, shop,
          serial_park_tiny_2, roderic_lattice_a, minmay_misc_feat_five,
          dk_noncrumbling_3
D:2:      layout_basic, basic_altar, serial_shops, nicolae_shop_statue_plus
D:3:      layout_loops_cross, hangedman_decor_slide_cut, grunt_ministairs_2

Skill      XL: |  1  2 |
---------------+-------+-----
Unarmed Combat | 4 |  4.8
Fighting       | |  3.5
Dodging        | |  2.8
Invocations    | |  0.9

Action                     |  1- 3 |  4- 6 || total
---------------------------+-------+-------++-------
  Melee: Unarmed           |    98 |    41 ||   139
         Tailslap          |     8 |     2 ||    10
    Use: Scroll            |     6 |     4 ||    10
         Potion            |     1 |     6 ||     7
 Armour: Skin              |    25 |     6 ||    31
  Dodge: Dodged            |    50 |    28 ||    78
